cohdb
Replays
Latest Replays
All Replays
Popular Replays
Top Player Replays
Match Explorer
How It Works
Community
CoH3 Stats
Reddit
Sign in to upload your games and track your stats! →
Sign in with Steam
Match 27514700
Unlisted
Match 27514700
Overview
Messages
Build Orders
End
250 Light Carrier
Selects Battlefield Espionage Battlegroup
Selects Sector Subterfuge Beacon
Panzergrenadier Squad
Panzergrenadier Squad
Construct Light Support Kompanie
2.5-tonne Medical Truck
Combat Half-tracks
Fire Support Elements
Pak 38 Mechanized Group
Veteran Squad Leaders
Selects Plunder
2.5-tonne Medical Truck
Panzergrenadier Squad
Kradschützen Motorcycle Team
Selects 250/3 Funkpanzerwagen
Dauskun
Tur75
淼
JayEnaR
dinamix.fr
DocMayou
Vicjo
shift666
0
0
Comments
sign in to comment!
No comments posted yet!